 Dungeon Crawl Stone Soup version 0.24-a0-462-ge24419a6ad (console) character file.

Game seed: 10923334503403413286

46 Lexodia the Skirmisher (level 3, 0/29 HPs)
             Began as a Demonspawn Wanderer on July 1, 2019.
             Was an Initiate of Dithmenos.
             Slain by a goblin
             ... wielding a cursed +0 club
              (2 damage)
             ... on level 2 of the Dungeon.
             The game lasted 00:02:52 (1204 turns).

Lexodia the Skirmisher (Demonspawn Wanderer)        Turns: 1204, Time: 00:02:52

Health: 0/29       AC:  5    Str: 12    XL:     3   Next: 46%
Magic:  3/3        EV: 12    Int: 11    God:    Dithmenos [......]
Gold:   47         SH:  0    Dex: 15    Spells: 2/2 levels left

rFire    + . .     SeeInvis .   a - +2 dagger
rCold    x . .     Gourm    .   (no shield)
rNeg     . . .     Faith    .   f - +0 robe
rPois    .         Spirit   .   (no helmet)
rElec    .         Reflect  .   (no cloak)
rCorr    .         Harm     .   k - +2 pair of gloves
MR       .....                  (no boots)
Stlth    +++.......             (no amulet)
HPRegen  0.09/turn              j - ring of fire
MPRegen  0.08/turn              (no ring)

@: no status effects
A: claws 1, nightstalker 1
a: Renounce Religion


You were on level 2 of the Dungeon.
You worshipped Dithmenos.
Dithmenos was noncommittal.
You were not hungry.

You visited 1 branch of the dungeon, and saw 2 of its levels.

You collected 47 gold pieces.

Inventory:

Hand Weapons
 a - a +2 dagger (weapon)
 c - a +0 hand crossbow
 e - a +0 mace
Missiles
 d - 45 bolts
Armour
 f - a +0 robe (worn)
 k - a +2 pair of gloves (worn)
Jewellery
 j - a ring of fire (left hand)
Scrolls
 h - 2 scrolls of identify {unknown}
 i - a scroll of remove curse {unknown}
 m - a scroll of teleportation {unknown}
Potions
 b - a potion of haste
Comestibles
 g - 5 rations
 l - a chunk of flesh


   Skills:
 + Level 3.3 Fighting
 - Level 1.2 Maces & Flails
 - Level 2.0 Armour
 + Level 1.7 Dodging
 * Level 3.1 Stealth
 + Level 0.8 Unarmed Combat


You had 2 spell levels left.
You didn't know any spells.
Your spell library was empty.

Dungeon Overview and Level Annotations

Branches:
Dungeon (2/15)

Altars:
Dithmenos


Innate Abilities, Weirdness & Mutations

You have sharp fingernails.
You are slightly more attuned to the shadows.


Message History

You closely miss the goblin.
The goblin is severely wounded.
You barely miss the goblin.
The goblin is severely wounded.
The goblin misses you.
You closely miss the goblin.
The goblin is heavily wounded.
The goblin hits you with a cursed +0 club.
* * * LOW HITPOINT WARNING * * *
Huge Dmg: -14%(-4hp) hp: 21%(6hp)
You closely miss the goblin.
The goblin is heavily wounded.
The goblin hits you with a cursed +0 club.
* * * LOW HITPOINT WARNING * * *
Huge Dmg: -10%(-3hp) hp: 11%(3hp)
There is a stone staircase leading up here.
The adder bites you.
* * * LOW HITPOINT WARNING * * *
The goblin hits you with a cursed +0 club.
You die...

..##(#.....####..#.........$...
#.............................
...#.#....<####....##...#......
##.......# #..##.##...#......
##....^...###.###...####....%.
#...#..........##.K......#####
####.#.#...[.##.............##
..§.......#.....#g...........##
§§§.............@S............###
§§§........(.....###.............
§§§.........####............†....
.§..........# #####.............
#.§........## #........##...
##...##...## ########## #.#
########## .≈ #


You could see an adder, a goblin and a kobold.

Vanquished Creatures
  An adder (D:2)
  An ooze (D:1)
  A worm (D:2)
  A dart slug (D:2)
  A ball python (D:2)
  3 bats
  2 giant cockroaches (D:1)
  3 goblins (D:1)
  4 hobgoblins
  4 kobolds
  4 frilled lizards
  A rat (D:1)
26 creatures vanquished.

Notes
Turn   | Place    | Note
-------+----------+-------------------------------------------
     0 | D:1      | Lexodia the Demonspawn Wanderer began the quest for the
                  | Orb.
     0 | D:1      | Lexodia set off with the following items: a +2 dagger, a
                  | potion of haste, a +0 hand crossbow, 24 bolts, a +0 mace, a
                  | +0 robe, a ration
     0 | D:1      | Reached XP level 1. HP: 18/18 MP: 1/1
   139 | D:1      | Gained mutation: You have sharp fingernails. [demonic
                  | ancestry]
   139 | D:1      | Reached XP level 2. HP: 17/24 MP: 2/2
   146 | D:1      | Huge Dmg: 8 dmg
   378 | D:1      | Huge Dmg: 5 dmg
   402 | D:1      | Huge Dmg: 5 dmg
  1050 | D:2      | Gained mutation: You are slightly more attuned to the
                  | shadows. [demonic ancestry]
  1050 | D:2      | Reached XP level 3. HP: 22/29 MP: 3/3
  1068 | D:2      | Found a shadowy altar of Dithmenos.
  1075 | D:2      | Became a worshipper of Dithmenos the Shadowed
  1119 | D:2      | Huge Dmg: 11 dmg
  1121 | D:2      | Huge Dmg: 5 dmg
  1182 | D:2      | Huge Dmg: 4 dmg
  1197 | D:2      | Huge Dmg: 4 dmg
  1198 | D:2      | Huge Dmg: 3 dmg
  1204 | D:2      | Slain by a goblin

Levels and vault maps discovered:
D:1:      dpeg_arrival_connections, layout_basic,
          wander_ebering_terrifying_dragon_lair
D:2:      layout_rooms, amethyst_overflow_temple_binary, grunt_dithmenos_smoke,
          first_ration

Skill      XL: |  1  2 |
---------------+-------+-----
Armour         | 2 |  2.0
Stealth        | 3 |  3.1
Fighting       | |  3.3
Maces & Flails | |  1.2
Dodging        | |  1.7
Unarmed Combat | |  0.8

Action                   || total
-------------------------++-------
Melee: Dagger            ||   106
  Use: Potion            ||     1
 Stab: Sleeping          ||     5
  Eat: Chunk             ||     1
Armor: Robe              ||    28
Dodge: Dodged            ||    63

Table legend:
 A = Non-vault XP
 B = Vault XP
 C = Vault XP percentage of total XP
 D = Non-vault monster count
 E = Vault monster count
 F = Vault count percentage of total count
                 A         B        C        D         E       F
            +---------+---------+-------+---------+---------+-------
      Total |      66 |       1 |   1.5 |      25 |       1 |   3.8
            +---------+---------+-------+---------+---------+-------
        D:1 |      34 |       1 |   2.9 |      16 |       1 |   5.9
        D:2 |      32 |       0 |   0.0 |       9 |       0 |   0.0
            +---------+---------+-------+---------+---------+-------
